 Dungeon Crawl Stone Soup version 0.30-a0-782-ge64f9170bb (webtiles) character file.

Game seed: 127595949762102803

573 Jane the Scratcher (level 7, -7/32 HPs)
             Began as a Felid Chaos Knight on Feb 21, 2023.
             Was a Plaything of Xom.
             Killed from afar by an acid dragon (22 damage)
             ... with a splash of acid
             ... on level 9 of the Dungeon.
             The game lasted 00:32:36 (4956 turns).

Jane the Scratcher (Felid Chaos Knight)             Turns: 4956, Time: 00:32:36

Health: -7/32      AC: -2    Str: 11    XL:     7   Next: 12%
Magic:  17/17      EV: 24    Int: 11    God:    Xom [.....*]
Gold:   406        SH:  0    Dex: 27    Spells: 6/6 levels left
                                        Lives:  0   Deaths: 2

rFire   . . .      SeeInvis +      - Unarmed
rCold   . . .      Faith    .    (shield unavailable)
rNeg    . . .      Spirit   .    (body armour unavailable)
rPois   .          Reflect  .    (helmet unavailable)
rElec   .          Harm     .    (cloak unavailable)
rCorr   .          Rampage  .    (gloves unavailable)
Will    +....                    (boots unavailable)
Stlth   ++                       b - amulet of regeneration
HPRegen 1.85/turn                h - +6 ring of dexterity
MPRegen 0.15/turn                j - ring of magical power

@: corroded, quick
A: very small, claws 1, fangs 3, see invisible, speed 1, shaggy fur 2, stealthy
paws, no weapons or thrown items, no armour, multi-lived, antennae 1, agile 1,
regeneration 1, strong 1, wild magic 1
a: Renounce Religion


You were on level 9 of the Dungeon.
You worshipped Xom.
You were Xom's teddy bear.
You visited 1 branch of the dungeon, and saw 7 of its levels.

You collected 406 gold pieces.

Inventory:

Jewellery
 b - an amulet of regeneration (around neck)
 h - a +6 ring of dexterity (left paw)
 j - a ring of magical power (right paw)
Wands
 d - a wand of charming (8)
Scrolls
 c - a scroll of fear
 g - a scroll of immolation
 k - a scroll of teleportation
 m - a scroll of brand weapon {unknown}
 n - a scroll of identify
 p - a scroll of magic mapping
Potions
 e - a potion of ambrosia {unknown}
 f - 5 potions of curing
 i - a potion of flight
 l - a potion of heal wounds {unknown}
 o - a potion of mutation {unknown}
 q - a potion of brilliance {unknown}
Miscellaneous
 a - a piece from Xom's chessboard (15/15) (quivered)


   Skills:
 + Level 4.1 Fighting
 + Level 7.0 Dodging
 + Level 7.8 Unarmed Combat


You had 6 spell levels left.
You didn't know any spells.
Your spell library contained the following spells:

 Spells                   Type           Power      Damage    Failure   Level
 Ensorcelled Hibernation  Hex/Ice        0%         N/A       56%         2
 Passwall                 Tmut/Erth      0%         N/A       56%         2
 Ignite Poison            Fire/Tmut/Pois 0%         N/A       78%         3
 Kindle Blastsparks       Fire/Tloc/Air  0%         2d10      78%         3
 Swiftness                Air            0%         N/A       78%         3
 Fulminant Prism          Conj/Hex       0%         3d5       99%         4
 Iskenderun's Mystic Bla  Conj/Tloc      0%         2d3       99%         4
 Sticky Flame             Conj/Fire      0%         2d3       99%         4
 Lee's Rapid Deconstruct  Erth           0%         3d4*      100%        5
 Ignition                 Fire           0%         3d3       100%        8


Dungeon Overview and Level Annotations

Branches:
Dungeon (9/15)             Temple (0/1) D:5
   Lair: D:8-11         Orc: D:9-12

Altars:
Gozag

Shops:
D:2 [

Annotations:
D:5 voshxx's ghost, amateur GrEE
D:6 Edmund


Innate Abilities, Weirdness & Mutations

You have sharp claws.
You have razor-sharp teeth.
You have supernaturally acute eyesight. (SInv)
You cover ground quickly. (Speed+)
You are covered in thick fur. (AC +2)
Your paws help you pounce on unaware monsters.
You are incapable of wielding weapons or throwing items.
You cannot wear armour.
You gain extra lives every three experience levels.
You have a pair of small antennae on your head.
You are agile. (Dex +4, Str/Int -1)
Your natural rate of healing is unusually fast.
Your muscles are strong. (Str +4, Int/Dex -1)
Your spells are a little harder to cast, but a little more powerful.


Message History

* * * LOW HITPOINT WARNING * * *
A shower of butterflies erupts from you!
The acid corrodes you!
The orc wizard shouts!
You swap places.
An orc comes into view. It is wielding a +0 mace.
You swap places.
The orc closely misses you.
You scratch the orc but do no damage. The orc hits you with a +0 falchion!
* * * LOW HITPOINT WARNING * * *
You claw the orc!
You kill the orc!
You scratch the orc.
The orc is severely wounded.
The orc misses your butterfly. The orc closely misses your butterfly.
You scratch the orc.
You kill the orc!
The orc barely misses your butterfly.
The orc wizard points at you and mumbles some strange words.
The puff of flame misses you.
You scratch the orc.
The orc is heavily wounded.
You scratch the orc but do no damage.
The orc is heavily wounded.
The orc misses you.
The orc wizard mumbles some strange words.
The orc wizard flickers and vanishes for a moment.
You scratch the orc. You bite the orc.
You kill the orc!
The orc wizard hits you with a +0 dagger.
You scratch the orc but do no damage. The orc misses you.
The orc wizard closely misses you. The acid dragon closely misses you.
The acid dragon completely misses you.
You claw the orc!
You kill the orc!
The orc wizard misses you. The acid dragon spits acid at you.
The splash of acid hits you!!
Ouch! That really hurt!
You die...
Xom roars with laughter!

#. #. ####### #. #.....# #.
#.b...##############. ####
#....................
....###..b..#####.....#####
#...#..o..#####.# #
######...b>@D......#########
#...........#.####..........
#.......bbb...# ###########
#.............# #
#.............# #
#)............# .
##########..#..# # ..##..#
## ..


You could see an acid dragon (catching breath, ally target) and an orc wizard
(invisible).

Vanquished Creatures
  A hog (D:6)
  A water moccasin (D:5)
  An ogre (D:5)
  2 black bears
  A phantom (D:6)
  2 scorpions
  A hound (D:4)
  A jelly (D:5)
  An iguana (D:4)
  5 adders
  2 howler monkey simulacra (D:5)
  An ufetubus (D:5)
  2 worms
  2 dart slugs
  15 orcs
  7 ball pythons
  4 bats
  5 endoplasms
  4 giant cockroaches
  11 hobgoblins
  9 jackals
  3 quokkas
  7 frilled lizards
  16 goblins
  4 kobolds
  A rat (D:2)
  A bush (D:1)
110 creatures vanquished.

Vanquished Creatures (others)
  A hound (D:5)
  Robin (D:3)
  A killer bee simulacrum (D:5)
  4 goblins (D:3)
  A hobgoblin (D:3)
  2 plants (D:9)
10 creatures vanquished.

Grand Total: 120 creatures vanquished

Notes
Turn   | Place    | Note
-------+----------+-------------------------------------------
     0 | D:1      | Jane the Felid Chaos Knight began the quest for the Orb.
     0 | D:1      | Reached XP level 1. HP: 10/10 MP: 2/2
    30 | D:1      | XOM: silly message
   100 | D:1      | XOM: silly message
   178 | D:1      | Reached XP level 2. HP: 14/14 MP: 3/3
   178 | D:1      | XOM: noise
   583 | D:1      | XOM: divination: magic mapping
   841 | D:1      | Reached XP level 3. HP: 17/17 MP: 4/4
   868 | D:1      | XOM: give mutations
   868 | D:1      | Gained mutation: You are agile. (Dex +4, Str/Int -1) [Xom's
                  | grace]
   868 | D:1      | Gained mutation: Your muscles are strong. (Str +4, Int/Dex
                  | -1) [Xom's grace]
   868 | D:1      | Gained mutation: You have a pair of small antennae on your
                  | head. [Xom's grace]
   868 | D:1      | Gained mutation: Your spells are a little harder to cast,
                  | but a little more powerful. [Xom's grace]
  1500 | D:2      | Found Peaseu's Armour Shop.
  1576 | D:2      | Found an opulent altar of Gozag.
  1761 | D:2      | Reached XP level 4. HP: 21/21 MP: 5/5
  1823 | D:2      | XOM: give mutation
  1823 | D:2      | Gained mutation: Your natural rate of healing is unusually
                  | fast. [Xom's grace]
  1934 | D:3      | Noticed Robin
  1942 | D:3      | XOM: enchant monster (good)
  1973 | D:3      | Killed Robin
  1973 | D:3      | XOM: divine lightning
  1981 | D:2      | XOM: fog
  2492 | D:3      | XOM: butterfly on damage
  2505 | D:3      | Noticed a black bear
  2518 | D:3      | XOM: divine lightning
  2536 | D:3      | XOM: butterfly on damage
  2537 | D:3      | XOM: 2-stop teleportation journey
  2585 | D:3      | Killed a black bear
  2586 | D:3      | Reached skill level 5 in Unarmed Combat
  2586 | D:3      | Reached XP level 5. HP: 8/24 MP: 6/6
  2786 | D:3      | XOM: god gift: 2 stones
  3227 | D:4      | Reached skill level 5 in Dodging
  3345 | D:4      | Noticed an ogre
  3350 | D:4      | Mangled by an ogre
  3351 | D:4      | Reached XP level 4. HP: -6/21 MP: 14/14
  3445 | D:4      | Reached XP level 5. HP: 24/24 MP: 6/6
  3523 | D:5      | Entered Level 5 of the Dungeon
  3567 | D:5      | XOM: god gift: scale mail {god gift}
  3602 | D:5      | Noticed a black bear
  3622 | D:5      | XOM: cast spell 'Metabolic Englaciation'
  3632 | D:5      | Killed a black bear
  3633 | D:5      | Gained mutation: You are covered in thick fur. (AC +2)
                  | [Felid growth]
  3633 | D:5      | Reached XP level 6. HP: 9/28 MP: 7/7
  3666 | D:5      | Found a staircase to the Ecumenical Temple.
  3800 | D:5      | Found a runed translucent gate.
  3802 | D:5      | Found a runed translucent gate.
  3804 | D:5      | Found a runed translucent gate.
  3995 | D:5      | XOM: scenery: summon butterflies
  4026 | D:5      | XOM: enchant monster (good)
  4028 | D:5      | XOM: butterfly on damage
  4193 | D:5      | XOM: divination: detect creatures
  4230 | D:5      | Noticed voshxx's ghost (amateur GrEE)
  4230 | D:5      | Noticed an ice beast
  4236 | D:5      | Noticed a water moccasin
  4251 | D:5      | XOM: confuse monster(s)
  4281 | D:5      | Killed a water moccasin
  4282 | D:5      | Reached XP level 7. HP: 31/31 MP: 8/8
  4428 | D:5      | XOM: divine lightning
  4580 | D:5      | XOM: divine lightning
  4582 | D:5      | XOM: butterfly on damage
  4583 | D:5      | HP: 1/32 [voshxx's ghost (4)]
  4583 | D:5      | Slain by voshxx's ghost
  4584 | D:5      | Reached XP level 6. HP: 0/28 MP: 16/16
  4812 | D:6      | Noticed Edmund
  4815 | D:6      | XOM: fog
  4873 | D:6      | Noticed a troll
  4873 | D:6      | a troll changed into a hog
  4873 | D:6      | Noticed a hog
  4873 | D:6      | XOM: polymorph troll -> hog
  4879 | D:6      | Killed a hog
  4880 | D:6      | Reached XP level 7. HP: 24/32 MP: 8/8
  4882 | D:6      | You fall into a shaft and drop 3 floors!
  4945 | D:9      | XOM: butterfly on damage
  4956 | D:9      | Killed from afar by an acid dragon

Illustrated notes

Levels and vault maps discovered:
D:1:      mrwooster_arrival_statue_3, layout_basic, fountainhead,
          minmay_misc_feat_plants
D:2:      layout_basic, serial_shops, shop, basic_altar
D:3:      layout_basic, st_stairs_9, chequers_serial_rivers_micro_d, uniq_robin
D:4:      layout_loops_ring, grunt_decor_clamped
D:5:      layout_basic, minmay_temple_entry_purple_smoke, gammafunk_ghost_icy
D:6:      layout_basic, uniq_edmund, uniq_pikel, uniq_grinder
D:9:      layout_rooms, nicolae_overflow_crystal_walls,
          nzn_hepliaklqana_mist_gate, gammafunk_temple_overflow_forgotten,
          david_orc_2, serial_shops, kennysheep_mini, kennysheep_generic_room_15

Skill      XL: |  1  2  3  4  5  6  7 |
---------------+----------------------+-----
Unarmed Combat | 4 5 6 7 |  7.8
Dodging        | 4 5 7 |  7.0
Fighting       | 4 |  4.1

Action                     |  1- 3 |  4- 6 |  7- 9 || total
---------------------------+-------+-------+-------++-------
  Melee: Unarmed           |   236 |   214 |    15 ||   465
         Bite              |    33 |    25 |     2 ||    60
         Punch             |     9 |     6 |       ||    15
    Use: Potion            |     5 |     2 |     1 ||     8
         Scroll            |     2 |     3 |     3 ||     8
   Stab: Invisible         |     2 |       |       ||     2
         Sleeping          |       |     2 |       ||     2
         Distracted        |       |     2 |       ||     2
         Petrified         |       |     2 |       ||     2
         Petrifying        |       |     1 |       ||     1
 Armour: Skin              |     8 |    12 |       ||    20
  Dodge: Dodged            |   101 |   245 |    12 ||   358

Table legend: (Time is in decaauts)
 A = Elapsed time spent in this place.
 B = Non-inter-level travel time spent in this place.
 C = Inter-level travel time spent in this place.
 D = Time resting spent in this place.
 E = Time spent auto-exploring this place.
 F = Levels seen in this place.
 G = Mean time per level.
                   A        B        C        D        E       F      G
               +--------+--------+--------+--------+--------+-----+--------+
         Total |   4085 |   4053 |     32 |     55 |    802 |   7 |  583.6 |
       Dungeon |   4085 |   4053 |     32 |     55 |    802 |   7 |  583.6 |
               +--------+--------+--------+--------+--------+-----+--------+

Top non-repeatable levels by time:
     D:5: 956 daAuts
     D:1: 910 daAuts
     D:3: 896 daAuts
     D:2: 695 daAuts
     D:4: 411 daAuts
     D:6: 155 daAuts
     D:9: 60 daAuts
